PCL
REDWOOD CITY REDWOODS @ MEXICO CITY CERVECEROS
08/14/2026
 
TOP OF THE 1ST
Redwood City Redwoods batting - Pitching for Mexico City Cerveceros : RHP José Jiménez
Pitching: RHP José Jiménez
Batting: LHB Diego González 0-0: Ball
1-0: SINGLE (Groundball, 5D)
Batting: LHB Marcos Pérez 0-0: Ball
1-0: Ball
2-0: Called Strike
2-1: Ball
3-1: SINGLE (Flyball, 8RS)
Diego González to second
Batting: LHB Iván Salas 0-0: SINGLE (Groundball, 34D)
Diego González to third
Marcos Pérez to second
Runner from 3rd tries for Home, throw and OUT!
Batting: LHB Germán Charfauros 0-0: Ball
1-0: Foul Ball, location: 2F
1-1: Foul Ball, location: 2F
1-2: Strikes out swinging
Batting: RHB Rafael Rincón 0-0: Ball
1-0: Called Strike
1-1: Foul Ball, location: 2F
1-2: SINGLE (Groundball, 6MD)
Marcos Pérez to third
Iván Salas to second
Runner from 3rd tries for Home, SAFE, no throw or cutoff
Batting: LHB Nicholas Alston 0-0: Ball
1-0: Swinging Strike
1-1: Ground out 4-3 (Groundball, 4)
Top of the 1st over - 1 run(s), 4 hit(s), 0 error(s), 2 left on base; Redwood City 1 - Mexico City 0
BOTTOM OF THE 1ST
Mexico City Cerveceros batting - Pitching for Redwood City Redwoods : LHP Phil Davis
Pitching: LHP Phil Davis
Now at SS: Carlos Gonzáles
Batting: RHB Henning Huisman 0-0: Ball
1-0: Ground out 5-3 (Groundball, 56)
Batting: RHB Dave Morgan 0-0: Called Strike
0-1: Ball
1-1: Called Strike
1-2: Foul Ball, location: 2F
1-2: Ball
2-2: Strikes out swinging
Batting: RHB Arnold Harmon 0-0: Ground out 4-3 (Groundball, 4)
Bottom of the 1st over - 0 run(s), 0 hit(s), 0 error(s), 0 left on base; Redwood City 1 - Mexico City 0
TOP OF THE 2ND
Redwood City Redwoods batting - Pitching for Mexico City Cerveceros : RHP José Jiménez
Batting: LHB Ryan Hensley 0-0: Foul Ball, location: 2F
0-1: Ball
1-1: Fly out, F9 (Flyball, 89S)
Batting: RHB Xavier Feliciano 0-0: Called Strike
0-1: Swinging Strike
0-2: Ball
1-2: Ball
2-2: Ball
3-2: Base on Balls
Batting: LHB Patrick Bright 0-0: Fly out, F5 (Popup, 5F)
Batting: RHB Carlos Gonzáles 0-0: Ball
1-0: Ball
2-0: Foul Ball, location: 2F
2-1: Ball
3-1: Foul Ball, location: 2F
3-2: Base on Balls
Xavier Feliciano to second
Batting: LHB Marcos Pérez 0-0: Ball
1-0: Ball
2-0: Ball
3-0: Base on Balls
Xavier Feliciano to third
Carlos Gonzáles to second
Batting: LHB Iván Salas 0-0: Ball
1-0: Ball
2-0: Called Strike
2-1: Called Strike
2-2: Foul Ball, location: 2F
2-2: DOUBLE (Flyball, 8LXD)
Xavier Feliciano scores
Carlos Gonzáles scores
Marcos Pérez to third
Runner from 3rd tries for Home, SAFE, no throw or cutoff
Batting: LHB Germán Charfauros 0-0: Ball
1-0: Foul Ball, location: 2F
1-1: Ball
2-1: Swinging Strike
2-2: Strikes out swinging
Top of the 2nd over - 3 run(s), 1 hit(s), 0 error(s), 1 left on base; Redwood City 4 - Mexico City 0
BOTTOM OF THE 2ND
Mexico City Cerveceros batting - Pitching for Redwood City Redwoods : LHP Phil Davis
Batting: RHB Hamilton Holbrook 0-0: Ball
1-0: Foul Ball, location: 2F
1-1: SINGLE (Line Drive, 9S)
Batting: RHB Orlando Núñes 0-0: Ball
1-0: Swinging Strike
1-1: Fly out, F5 (Line Drive, 5S)
Batting: RHB Dennis Stephenson 0-0: Foul Ball, location: 2F
0-1: Foul Ball, location: 2F
0-2: Strikes out swinging
Batting: LHB Rubén Díaz 0-0: Foul Ball, location: 2F
0-1: Ball
1-1: Ball
2-1: Ball
3-1: Called Strike
3-2: Base on Balls
Hamilton Holbrook to second
Batting: LHB Javier Escobedo 0-0: Called Strike
0-1: Ball
1-1: Fly out, F9 (Flyball, 9S)
Bottom of the 2nd over - 0 run(s), 1 hit(s), 0 error(s), 2 left on base; Redwood City 4 - Mexico City 0
TOP OF THE 3RD
Redwood City Redwoods batting - Pitching for Mexico City Cerveceros : RHP José Jiménez
Batting: RHB Rafael Rincón 0-0: Fly out, F6 (Popup, 6)
Batting: LHB Nicholas Alston 0-0: Ball
1-0: Ball
2-0: SOLO HOME RUN (Flyball, 9D), Distance : 359 ft
Batting: LHB Ryan Hensley 0-0: Ball
1-0: Fly out, F9 (Line Drive, 9D)
Batting: RHB Xavier Feliciano 0-0: Called Strike
0-1: Swinging Strike
0-2: Strikes out swinging
Top of the 3rd over - 1 run(s), 1 hit(s), 0 error(s), 0 left on base; Redwood City 5 - Mexico City 0
BOTTOM OF THE 3RD
Mexico City Cerveceros batting - Pitching for Redwood City Redwoods : LHP Phil Davis
Batting: LHB Brandon Cummings 0-0: Ball
Reached via error on a dropped throw, E1
Batting: RHB Henning Huisman 0-0: Called Strike
0-1: Ball
1-1: Swinging Strike
1-2: Ball
2-2: Foul Ball, location: 2F
2-2: Foul Ball, location: 2F
2-2: Ball
3-2: Strikes out looking
Batting: RHB Dave Morgan 0-0: Foul Ball, location: 2F
0-1: Foul Ball, location: 2F
0-2: Ball
1-2: Ball
2-2: Ball
3-2: Foul Ball, location: 2F
3-2: SINGLE (Groundball, 5)
Brandon Cummings to second
Batting: RHB Arnold Harmon 0-0: Ball
1-0: Ball
2-0: Called Strike
2-1: Foul Ball, location: 2F
2-2: Foul Ball, location: 2F
2-2: Fly out, F8 (Flyball, 8RM)
Batting: RHB Hamilton Holbrook 0-0: Fielders Choice at 2nd, 5-4 (Groundball, 56)
Bottom of the 3rd over - 0 run(s), 1 hit(s), 1 error(s), 1 left on base; Redwood City 5 - Mexico City 0
TOP OF THE 4TH
Redwood City Redwoods batting - Pitching for Mexico City Cerveceros : RHP José Jiménez
Batting: LHB Patrick Bright 0-0: Foul Ball, location: 2F
0-1: Foul Ball, location: 2F
0-2: Ball
1-2: Strikes out swinging
Batting: RHB Carlos Gonzáles 0-0: Foul Ball, location: 2F
0-1: Swinging Strike
0-2: Strikes out swinging
Batting: LHB Marcos Pérez 0-0: Ball
1-0: Ball
2-0: Ball
3-0: Base on Balls
Batting: LHB Iván Salas 0-0: Called Strike
0-1: Foul Ball, location: 2F
0-2: Ball
1-2: Ball
2-2: SINGLE (Groundball, 4)
Marcos Pérez to second
Marcos Pérez to third
Batting: LHB Germán Charfauros 0-0: Ball
1-0: Foul Ball, location: 2F
1-1: Ground out 4-3 (Groundball, 34)
Top of the 4th over - 0 run(s), 1 hit(s), 0 error(s), 2 left on base; Redwood City 5 - Mexico City 0
BOTTOM OF THE 4TH
Mexico City Cerveceros batting - Pitching for Redwood City Redwoods : LHP Phil Davis
Batting: RHB Orlando Núñes 0-0: Ball
1-0: Called Strike
1-1: SINGLE (Line Drive, 34)
Batting: RHB Dennis Stephenson 0-0: Ball
1-0: Ball
2-0: Swinging Strike
2-1: Ball
3-1: Called Strike
3-2: Base on Balls
Orlando Núñes to second
Batting: LHB Rubén Díaz 0-0: Ball
1-0: Ball
2-0: Ball
3-0: Called Strike
3-1: Swinging Strike
3-2: Foul Ball, location: 2F
3-2: Base on Balls
Orlando Núñes to third
Dennis Stephenson to second
Batting: LHB Javier Escobedo 0-0: Called Strike
0-1: Fly out, F7 (Flyball, 7LM)
Runner from 3rd tags up, SCORES, throw made
Batting: LHB Brandon Cummings 0-0: Called Strike
0-1: Called Strike
0-2: Strikes out swinging
Batting: RHB Henning Huisman 0-0: Ball
1-0: Called Strike
1-1: SINGLE (Groundball, 56D) (infield hit)
Dennis Stephenson to third
Rubén Díaz to second
Batting: RHB Dave Morgan 0-0: Called Strike
0-1: Swinging Strike
0-2: Foul Ball, location: 2F
0-2: Fielders Choice at 2nd, U6 (Groundball, 6M)
Bottom of the 4th over - 1 run(s), 2 hit(s), 0 error(s), 3 left on base; Redwood City 5 - Mexico City 1
TOP OF THE 5TH
Redwood City Redwoods batting - Pitching for Mexico City Cerveceros : RHP José Jiménez
Batting: RHB Rafael Rincón 0-0: Ball
1-0: Fly out, F4 (Popup, 3D)
Batting: LHB Nicholas Alston 0-0: Called Strike
0-1: Foul Ball, location: 2F
0-2: Strikes out looking
Batting: LHB Ryan Hensley 0-0: Called Strike
0-1: Ball
1-1: Ground out 4-3 (Groundball, 4)
Top of the 5th over - 0 run(s), 0 hit(s), 0 error(s), 0 left on base; Redwood City 5 - Mexico City 1
BOTTOM OF THE 5TH
Mexico City Cerveceros batting - Pitching for Redwood City Redwoods : LHP Phil Davis
Batting: RHB Arnold Harmon 0-0: Ball
1-0: Fly out, F7 (Flyball, 7M)
Batting: RHB Hamilton Holbrook 0-0: SINGLE (Flyball, 9S)
Batting: RHB Orlando Núñes 0-0: Fly out, F4 (Popup, 34D)
Batting: RHB Dennis Stephenson 0-0: Ball
1-0: Ball
2-0: SINGLE (Groundball, 56D)
Hamilton Holbrook to second
Batting: LHB Rubén Díaz 0-0: Foul Ball, location: 2F
0-1: Foul Ball, location: 2F
0-2: SINGLE (Groundball, 5D)
Hamilton Holbrook to third
Dennis Stephenson to second
Runner from 3rd tries for Home, SAFE, no throw or cutoff
Batting: LHB Javier Escobedo 0-0: Swinging Strike
0-1: Called Strike
0-2: Ball
1-2: Ball
2-2: Strikes out swinging
Bottom of the 5th over - 1 run(s), 3 hit(s), 0 error(s), 2 left on base; Redwood City 5 - Mexico City 2
TOP OF THE 6TH
Redwood City Redwoods batting - Pitching for Mexico City Cerveceros : RHP José Jiménez
Pitching: LHP Daniel Draper
Batting: RHB Xavier Feliciano 0-0: Fly out, F8 (Flyball, 8LD)
Batting: LHB Patrick Bright 0-0: Fly out, F7 (Flyball, 7LDF)
Batting: RHB Carlos Gonzáles 0-0: Ball
1-0: Ball
2-0: Foul Ball, location: 2F
2-1: Ball
3-1: Base on Balls
Batting: LHB Marcos Pérez 0-0: Called Strike
0-1: Called Strike
0-2: Ball
1-2: Strikes out swinging
Top of the 6th over - 0 run(s), 0 hit(s), 0 error(s), 1 left on base; Redwood City 5 - Mexico City 2
BOTTOM OF THE 6TH
Mexico City Cerveceros batting - Pitching for Redwood City Redwoods : LHP Phil Davis
Pitching: RHP Ron Williams
Batting: LHB Brandon Cummings 0-0: Ball
1-0: Called Strike
1-1: Called Strike
1-2: Strikes out swinging
Batting: RHB Henning Huisman 0-0: Ball
1-0: Foul Ball, location: 2F
1-1: Ball
2-1: Swinging Strike
2-2: Foul Ball, location: 2F
2-2: Foul Ball, location: 2F
2-2: Strikes out swinging
Batting: RHB Dave Morgan 0-0: Ball
1-0: Ball
2-0: Called Strike
2-1: Foul Ball, location: 2F
2-2: Ball
3-2: Ground out 6-3 (Groundball, 6M)
Bottom of the 6th over - 0 run(s), 0 hit(s), 0 error(s), 0 left on base; Redwood City 5 - Mexico City 2
TOP OF THE 7TH
Redwood City Redwoods batting - Pitching for Mexico City Cerveceros : LHP Daniel Draper
Batting: LHB Iván Salas 0-0: Called Strike
0-1: Ball
1-1: Called Strike
1-2: Ground out U3 (Groundball, 3S)
Batting: LHB Germán Charfauros 0-0: Ball
1-0: Ground out U3 (Groundball, 3L)
Batting: RHB Rafael Rincón 0-0: SINGLE (Groundball, 6M)
Batting: LHB Nicholas Alston 0-0: SINGLE (Line Drive, 6M)
Rafael Rincón to second
Batting: LHB Ryan Hensley 0-0: Ground out 3-1 (Groundball, 34)
Top of the 7th over - 0 run(s), 2 hit(s), 0 error(s), 2 left on base; Redwood City 5 - Mexico City 2
BOTTOM OF THE 7TH
Mexico City Cerveceros batting - Pitching for Redwood City Redwoods : RHP Ron Williams
Batting: RHB Arnold Harmon 0-0: Foul Ball, location: 2F
0-1: Ball
1-1: Ball
2-1: Foul Ball, location: 2F
2-2: Foul Ball, location: 2F
2-2: Strikes out looking
Batting: RHB Hamilton Holbrook 0-0: Called Strike
0-1: Swinging Strike
0-2: Ball
1-2: Strikes out looking
Batting: RHB Orlando Núñes 0-0: Reached on error, E4 (Groundball, 34)
Batting: RHB Dennis Stephenson 0-0: Called Strike
0-1: Swinging Strike
0-2: Ball
1-2: Ball
Wild Pitch!
Orlando Núñes to second
2-2: Strikes out swinging
Bottom of the 7th over - 0 run(s), 0 hit(s), 1 error(s), 1 left on base; Redwood City 5 - Mexico City 2
TOP OF THE 8TH
Redwood City Redwoods batting - Pitching for Mexico City Cerveceros : LHP Daniel Draper
Pitching: RHP Gil Dickson
Batting: RHB Xavier Feliciano 0-0: Ball
1-0: Swinging Strike
1-1: Ball
2-1: Called Strike
2-2: Ball
3-2: Ground out 5-3 (Groundball, 5S)
Batting: LHB Patrick Bright 0-0: Ball
1-0: Ball
2-0: Called Strike
2-1: Ball
3-1: Base on Balls
Pitching: RHP Troy Hawkins
Batting: RHB Carlos Gonzáles 0-0: Foul Ball, location: 2F
0-1: Fly out, F4 (Line Drive, 4)
Batting: LHB Marcos Pérez 0-0: 2-RUN HOME RUN (Flyball, 8RXD), Distance : 412 ft
Batting: LHB Iván Salas 0-0: Called Strike
0-1: Fly out, F7 (Flyball, 7M)
Top of the 8th over - 2 run(s), 1 hit(s), 0 error(s), 0 left on base; Redwood City 7 - Mexico City 2
BOTTOM OF THE 8TH
Mexico City Cerveceros batting - Pitching for Redwood City Redwoods : RHP Ron Williams
Pitching: RHP Jorge Luna
Batting: LHB Rubén Díaz 0-0: Ball
1-0: Foul Ball, location: 2F
1-1: Foul Ball, location: 2F
1-2: SINGLE (Flyball, 7S)
Batting: LHB Javier Escobedo 0-0: Ball
1-0: Ball
2-0: Swinging Strike
2-1: Swinging Strike
2-2: Fly out, F7 (Flyball, 78M)
Batting: LHB Brandon Cummings 0-0: Ball
1-0: Foul Ball, location: 2F
1-1: SINGLE (Groundball, 56D)
Rubén Díaz to second
Batting: RHB Henning Huisman 0-0: Ball
1-0: Ball
2-0: Called Strike
2-1: Foul Ball, location: 2F
2-2: Fielders Choice at 2nd, 1-6 (Groundball, 13S)
Rubén Díaz to third
Batting: RHB Dave Morgan 0-0: Called Strike
0-1: Ball
1-1: Ball
2-1: Ground out 5-3 (Groundball, 5L)
Bottom of the 8th over - 0 run(s), 2 hit(s), 0 error(s), 2 left on base; Redwood City 7 - Mexico City 2
TOP OF THE 9TH
Redwood City Redwoods batting - Pitching for Mexico City Cerveceros : RHP Troy Hawkins
Pitching: RHP Jonathan Long
Batting: LHB Germán Charfauros 0-0: Called Strike
0-1: Ground out U3 (Groundball, 3L)
Batting: RHB Rafael Rincón 0-0: SINGLE (Groundball, 6MD)
Batting: LHB Nicholas Alston 0-0: Ball
1-0: Ball
2-0: SINGLE (Line Drive, 4M)
Rafael Rincón to second
Batting: LHB Ryan Hensley 0-0: Foul Ball, location: 2F
0-1: Called Strike
0-2: Strikes out swinging
Batting: RHB Xavier Feliciano 0-0: Ball
1-0: Swinging Strike
1-1: Foul Ball, location: 2F
1-2: Foul Ball, location: 2F
1-2: Ball
2-2: Foul Ball, location: 2F
2-2: Foul Ball, location: 2F
2-2: Ball
3-2: Foul Ball, location: 2F
3-2: Strikes out looking
Top of the 9th over - 0 run(s), 2 hit(s), 0 error(s), 2 left on base; Redwood City 7 - Mexico City 2
BOTTOM OF THE 9TH
Mexico City Cerveceros batting - Pitching for Redwood City Redwoods : RHP Jorge Luna
Pitching: RHP Joe Watts
Batting: RHB Arnold Harmon 0-0: Ball
1-0: Called Strike
1-1: Ground out 6-3 (Groundball, 6)
Batting: RHB Hamilton Holbrook 0-0: Ball
1-0: Ball
2-0: Foul Ball, location: 2F
2-1: Swinging Strike
2-2: Fly out, F3 (Popup, 23F)
Batting: RHB Orlando Núñes 0-0: Ball
1-0: Called Strike
1-1: Ball
2-1: Ball
3-1: Swinging Strike
3-2: Foul Ball, location: 2F
3-2: Foul Ball, location: 2F
3-2: Foul Ball, location: 2F
3-2: Foul Ball, location: 2F
3-2: Foul Ball, location: 2F
3-2: Base on Balls
Batting: RHB Dennis Stephenson 0-0: Ground out 4-3 (Groundball, 4)
Bottom of the 9th over - 0 run(s), 0 hit(s), 0 error(s), 1 left on base; Redwood City 7 - Mexico City 2
Monday, December 5th, 2016 - OOTP Baseball 17.12 Build 75